 Dungeon Crawl Stone Soup version 0.29-a0-923-g6e406bff71 (webtiles) character file.

Game seed: 3384471648743038809

72 IdlyInterested the Cudgeller (level 4, -4/35 HPs)
             Began as a Demonspawn Wanderer on July 27, 2022.
             Killed from afar by an orc wizard (7 damage)
             ... with a magic dart
             ... on level 3 of the Dungeon.
             The game lasted 00:05:53 (2964 turns).

IdlyInterested the Cudgeller (Demonspawn Wanderer)  Turns: 2964, Time: 00:05:56

Health: -4/35      AC: 13    Str: 17 (20) XL:     4   Next: 6%
Magic:  4/4        EV:  5    Int:  7 (9)  God:
Gold:   73         SH:  0    Dex:  8 (11) Spells: 3/3 levels left

rFire   + . .      SeeInvis .   k - +2 dagger (elec)
rCold   + . .      Faith    .   (no shield)
rNeg    . . .      Spirit   .   m - +1 plate armour
rPois   .          Reflect  .   (no helmet)
rElec   .          Harm     .   s - scarf {rC+ rF+}
rCorr   +          Rampage  .   (no gloves)
Will    .....                   (no boots)
Stlth   ..........              (no amulet)
HPRegen 0.11/turn               g - ring of resist corrosion
MPRegen 0.09/turn               (no ring)

@: no status effects
A: sharp scales 1, condensation shield
a: no special abilities


You were on level 3 of the Dungeon.
You visited 1 branch of the dungeon, and saw 3 of its levels.

You collected 73 gold pieces.

Inventory:

Hand Weapons
 b - a +0 mace
 k - a +2 dagger of electrocution (weapon)
Missiles
 a - a throwing net
 p - 5 boomerangs (quivered)
Armour
 m - a +1 plate armour (worn)
 s - a scarf of resistance (worn)
Magical Staves
 o - a staff of earth
Jewellery
 g - a ring of resist corrosion (left hand)
Scrolls
 d - 2 scrolls of fog
 j - a scroll of poison {unknown}
 r - a scroll of teleportation
Potions
 e - 2 potions of cancellation
 f - 2 potions of haste
 i - a potion of flight
 l - a potion of magic
 q - a potion of mutation {unknown}


   Skills:
 - Level 3.0 Fighting
 - Level 1.7 Long Blades
 * Level 3.1 Maces & Flails
 - Level 1.0 Throwing
 + Level 2.4 Armour
 + Level 1.4 Dodging


You had 3 spell levels left.
You didn't know any spells.
Your spell library contained the following spells:

 Spells                   Type           Power      Damage    Failure   Level
 Call Canine Familiar     Summ           0%         N/A       100%        3
 Ozocubu's Armour         Ice            0%         N/A       100%        3
 Portal Projectile        Hex/Tloc       0%         N/A       100%        3
 Leda's Liquefaction      Hex/Erth       0%         N/A       100%        4
 Ozocubu's Refrigeration  Ice            0%         4d5       100%        7


Dungeon Overview and Level Annotations

Branches:
Dungeon (3/15)

Altars:


Innate Abilities, Weirdness & Mutations

You are partially covered in razor-sharp scales. (AC +1, Slay +1)
A meltable shield of frost defends you. (SH +0)


Message History

The orc shoots a sling bullet.
The sling bullet hits you but does no damage.
You hit the orc.
The orc is severely wounded.
The orc hits you with a +0 falchion.
* * * LOW HITPOINT WARNING * * *
You hear some strange, mumbled words.
You are confused.
The hobgoblin hits you but does no damage.
You miss the orc.
The orc is severely wounded.
The orc shoots a sling bullet.
The sling bullet hits you.
* * * LOW HITPOINT WARNING * * *
The orc hits you but does no damage. Something hits you but does no damage.
The hobgoblin hits you but does no damage.
It was a potion of attraction.
You feel attractive to monsters. Something hits you but does no damage.
The orc barely misses you.
The hobgoblin hits you but does no damage.
It was a potion of haste.
You feel yourself speed up.
The orc unwields a +0 sling.
The orc wields a +1 dagger of venom.
It begins to drip with poison!
The orc hits you but does no damage. x2
Something hits you but does no damage.
The hobgoblin hits you but does no damage.
It was a potion of cancellation.
Your magical effects are unravelling.
You feel magically purged.
You feel yourself slow down.
You feel less confused. The orc closely misses you. The orc barely misses you.
Something hits you but does no damage.
The hobgoblin hits you but does no damage.
You feel less attractive to monsters.
It was a potion of degeneration.
There was something very wrong with that liquid.
You feel weakened.
You feel dopey.
You feel clumsy. The orc hits you but does no damage.
You hear some strange, mumbled words.
A magic dart appears from out of thin air!
The magic dart hits you!
You die...

##.#.#######.
##.##########
...#.........
#.#
####.........
#.# #.........
#.# #.########
#####.# #.#
#.....# #.#
#########.#####
#.# ........o{#
#.# ........o@#
........g.#
..........#
..........#
...........
.........###
.........#
.........#


You could see 2 orcs and a hobgoblin.

Vanquished Creatures
  A gnoll (D:1)
  An adder (D:3)
  A worm (D:3)
  An orc (D:3)
  4 endoplasms
  2 giant cockroaches (D:1)
  5 goblins
  6 hobgoblins
  4 jackals (D:3)
  A quokka (D:2)
  4 ball pythons
  4 bats
  2 frilled lizards
  6 kobolds
  2 rats (D:2)
44 creatures vanquished.

Notes
Turn   | Place    | Note
-------+----------+-------------------------------------------
     0 | D:1      | IdlyInterested the Demonspawn Wanderer began the quest for
                  | the Orb.
     0 | D:1      | IdlyInterested set off with the following items: a +2
                  | falchion, a +0 mace, a +0 ring mail, a scroll of fog.
     0 | D:1      | Reached XP level 1. HP: 18/18 MP: 1/1
   610 | D:1      | Gained mutation: You are partially covered in razor-sharp
                  | scales. (AC +1, Slay +1) [demonic ancestry]
   610 | D:1      | Reached XP level 2. HP: 24/24 MP: 2/2
   905 | D:1      | You fall into a shaft and drop 1 floor!
  1302 | D:1      | Reached skill level 1 in Dodging
  1302 | D:1      | Reached XP level 3. HP: 23/29 MP: 3/3
  1910 | D:2      | Found a faded altar of an unknown god.
  2849 | D:3      | Gained mutation: A meltable shield of frost defends you.
                  | (SH +0) [demonic ancestry]
  2849 | D:3      | Reached XP level 4. HP: 34/35 MP: 4/4
  2964 | D:3      | Killed from afar by an orc wizard

Illustrated notes

Levels and vault maps discovered:
D:1:      scummos_arrival_checkerplants, layout_basic, minmay_misc_feat_x
D:2:      layout_basic, shapermc_ecumenical_altar_notcrosses
D:3:      layout_basic

Skill      XL: |  1  2  3 |
---------------+----------+-----
Maces & Flails | 2 3 |  3.1
Armour         | 2 |  2.4
Dodging        | 1 |  1.4
Fighting       | |  3.0
Long Blades    | |  1.7
Throwing       | |  1.0

Action                   |  1- 3 |  4- 6 || total
-------------------------+-------+-------++-------
Melee: Falchion          |    27 |       ||    27
       Dagger            |    99 |    11 ||   110
       Punch             |     1 |       ||     1
  Use: Scroll            |     7 |       ||     7
       Potion            |       |     5 ||     5
Armor: Ring mail         |    42 |       ||    42
       Plate armour      |    29 |    31 ||    60
Dodge: Dodged            |    67 |     9 ||    76
Block: Other             |       |     1 ||     1

Table legend: (Time is in decaauts)
 A = Elapsed time spent in this place.
 B = Non-inter-level travel time spent in this place.
 C = Inter-level travel time spent in this place.
 D = Time resting spent in this place.
 E = Time spent auto-exploring this place.
 F = Levels seen in this place.
 G = Mean time per level.
                   A        B        C        D        E       F      G
               +--------+--------+--------+--------+--------+-----+--------+
         Total |   2964 |   2698 |    266 |    541 |   1693 |   3 |  988.0 |
       Dungeon |   2964 |   2698 |    266 |    541 |   1693 |   3 |  988.0 |
               +--------+--------+--------+--------+--------+-----+--------+

Top non-repeatable levels by time:
     D:1: 1401 daAuts
     D:2: 1170 daAuts
     D:3: 391 daAuts
